 Dungeon Crawl Stone Soup version 0.25-a0-696-g42a9e46 (webtiles) character file.

Game seed: 17532367560865234599, levelgen mode: deterministic

239 Faels the Sneak (level 6, -2/37 HPs)
             Began as a Kobold Assassin on Mar 30, 2020.
             Slain by an ogre
             ... wielding a +0 giant club
              (19 damage)
             ... on level 4 of the Dungeon.
             The game lasted 00:09:36 (3416 turns).

Faels the Sneak (Kobold Assassin)                   Turns: 3416, Time: 00:09:36

Health: -2/37      AC:  6    Str: 10      XL:     6   Next: 29%
Magic:  6/6        EV: 13    Int: 13      God:
Gold:   118        SH:  0    Dex: 14 (16) Spells: 5/5 levels left

rFire    . . .     SeeInvis .   a - +2 dagger
rCold    . . .     Gourm    .   (shield restricted)
rNeg     . . .     Faith    .   i - +0 ring mail
rPois    .         Spirit   .   (no helmet)
rElec    .         Reflect  .   c - +0 cloak
rCorr    .         Harm     .   (no gloves)
MR       .....                  (no boots)
Stlth    +++.......             (no amulet)
HPRegen  0.12/turn              (no ring)
MPRegen  0.10/turn              (no ring)

@: no status effects
A: small, carnivore
a: no special abilities


You were on level 4 of the Dungeon.
You were very full.

You visited 1 branch of the dungeon, and saw 4 of its levels.

You collected 118 gold pieces.

Inventory:

Hand Weapons
 a - a +2 dagger (weapon)
 e - a +2 war axe of electrocution
Missiles
 d - a poisoned dart (quivered)
 h - 2 curare-tipped darts
Armour
 c - a +0 cloak (worn)
 g - a +0 leather armour
 i - a +0 ring mail (worn)
Scrolls
 b - 2 scrolls of remove curse {unknown}
 j - 2 scrolls of enchant weapon {unknown}
 k - a scroll of immolation {unknown}
 l - a scroll of fear {unknown}
 m - 3 scrolls of identify {unknown}
 o - a scroll of fog {unknown}
Potions
 p - a potion of curing {unknown}
Comestibles
 f - 6 rations


   Skills:
 + Level 3.5 Fighting
 + Level 4.3 Short Blades
 + Level 3.5 Throwing
 + Level 3.2 Dodging
 + Level 6.5 Stealth


You had 5 spell levels left.
You didn't know any spells.
Your spell library was empty.

Dungeon Overview and Level Annotations

Branches:
Dungeon (4/15)
 Temple: D:4-7

Altars:
Gozag

Annotations:
D:3 Grinder, Sigmund


Innate Abilities, Weirdness & Mutations

You are small and have problems with some larger weapons.
You are carnivorous and can eat meat at any time.


Message History

Aim: an ogre, wielding a +0 giant club (lightly wounded, very poisoned)
You throw a poisoned dart. The poisoned dart hits the ogre.
The ogre looks as sick as possible!
The ogre is lightly wounded.
You hit the ogre but do no damage.
The ogre is moderately wounded.
You completely miss the ogre.
The ogre is moderately wounded.
The ogre hits you with a +0 giant club!!
Ouch! That really hurt!
You hit the ogre.
The ogre is severely wounded.
The ogre hits you with a +0 giant club.
You barely miss the ogre.
The ogre is severely wounded.
You hit the ogre.
The ogre is almost dead.
The ogre hits you with a +0 giant club!!
Ouch! That really hurt!
You die...

#....(# #....) #.#..(. .#.#.
#. .(. #...# ####. #w# #...#
.....##.##### #...# ##
####### #.......# #...# #.
#.....# #.#O###.#####...###.
#.....## #..@###.#...........
#......# #..#................
#....(.# #..#.##.#...........
#......###.......#####...###.
######........#### #...# #.
#......####.### #...# #.
#.......# #.# #...# #.
####.####..###.# ##.## #.
#..............# #.#####


You could see an ogre and a worm.

Vanquished Creatures
  A quasit (D:3)
  An iguana (D:4)
  4 gnolls (D:2)
  7 adders
  An ooze (D:3)
  2 worms (D:2)
  4 dart slugs
  A leopard gecko (D:2)
  6 giant cockroaches
  3 goblins
  11 hobgoblins
  2 jackals (D:1)
  5 kobolds (D:1)
  2 quokkas (D:2)
  A ball python (D:3)
  8 bats
  2 frilled lizards
  8 rats
69 creatures vanquished.

Notes
Turn   | Place    | Note
-------+----------+-------------------------------------------
     0 | D:1      | Faels the Kobold Assassin began the quest for the Orb.
     0 | D:1      | Reached XP level 1. HP: 12/12 MP: 1/1
   129 | D:1      | Reached XP level 2. HP: 3/18 MP: 2/2
   656 | D:1      | You fall into a shaft and drop 1 floor!
   732 | D:2      | Reached XP level 3. HP: 22/22 MP: 3/3
  1040 | D:2      | Reached XP level 4. HP: 27/27 MP: 4/4
  1508 | D:2      | Reached skill level 6 in Stealth
  1598 | D:1      | Reached XP level 5. HP: 32/32 MP: 5/5
  2299 | D:2      | Found an opulent altar of Gozag,
  2935 | D:3      | Reached XP level 6. HP: 34/37 MP: 6/6
  3045 | D:3      | Noticed Grinder
  3045 | D:3      | Noticed Sigmund
  3404 | D:4      | Noticed an ogre
  3416 | D:4      | Slain by an ogre

Levels and vault maps discovered:
D:1:      sevenhm_arrival_forest_fort_large_2, layout_loops_ring, minivault_11
D:2:      layout_basic, nicolae_gozag_seed_capital
D:3:      layout_basic, uniq_grinder, uniq_crazy_yiuf_cottage, uniq_sigmund,
          uniq_purgy
D:4:      layout_loops_cross, overflow_temple_1_default,
          minmay_temple_entry_grid, first_ration, hangedman_minor_gate_pass,
          uniq_robin

Skill      XL: |  1  2  3  4  5 |
---------------+----------------+-----
Short Blades   | 3 4 |  4.3
Dodging        | 2 3 |  3.2
Stealth        | 6 |  6.5
Fighting       | 3 |  3.5
Throwing       | 3 |  3.5

Action                   |  1- 3 |  4- 6 || total
-------------------------+-------+-------++-------
Melee: Dagger            |    80 |   256 ||   336
Throw: Dart              |    11 |    18 ||    29
 Stab: Sleeping          |     1 |     9 ||    10
       Distracted        |       |     2 ||     2
  Eat: Chunk             |     8 |     8 ||    16
Armor: Robe              |     9 |       ||     9
       Leather armour    |     4 |    12 ||    16
       Ring mail         |       |    69 ||    69
Dodge: Dodged            |    60 |   177 ||   237

Table legend:
 A = Non-vault XP
 B = Vault XP
 C = Vault XP percentage of total XP
 D = Non-vault monster count
 E = Vault monster count
 F = Vault count percentage of total count
                 A         B        C        D         E       F
            +---------+---------+-------+---------+---------+-------
      Total |     342 |       0 |   0.0 |      69 |       0 |   0.0
            +---------+---------+-------+---------+---------+-------
        D:1 |      55 |       0 |   0.0 |      30 |       0 |   0.0
        D:2 |     165 |       0 |   0.0 |      29 |       0 |   0.0
        D:3 |      73 |       0 |   0.0 |       8 |       0 |   0.0
        D:4 |      49 |       0 |   0.0 |       2 |       0 |   0.0
            +---------+---------+-------+---------+---------+-------
